Unix NetHack Version 3.7.0-97 Work-in-progress - last build Feb 8 2024 15:05:57 (6d6cdf8371b60126770a3d7b88910941cb14a054,branch:master). Game began 2024-02-24 09:36:25, ended 2024-02-25 08:48:07. spontiff, neutral male gnomish Healer --------- --------------------------------- |........############|...............................| ############ |<......|# #...-----..-|-----.-----....----.| #------ #----- ----.----#### #|..|$..|..|..|..-.|...|.---|..|.| #|....| #....| # # ##|..|..[|..|..|..|.|._.|.|.(|. |.| ###|^...| |[.)| ## #####0###|..|...|.--------.|...|.|.$||--.-#######-.....# |...| # ######|..-|---.|...-....-...|.|..|....| # |....|#####....| # # #|........|.).|....|----.--|-..{.| #### |....| ----- ## ### #########..-----..-----.--||..|...........### ------ --|--.- ##### #|.|.(.-..[.....|..|..-..-|--....| |....^.###### #|.|...|....-|--|..|----.|..||--.| |...*.|###### #|.-----.---|...|--|)$.-.|..|..|.| |>.....# #|.}...(.|..|...|..|...|.---|..|.| |.....| #|..}....-..|...|..|...|....|..|.| ------- #|.@.}...--------|------....----.| #|...............................| #--------------------------------- Spontiff the Rhizotomist St:8 Dx:9 Co:18 In:7 Wi:18 Ch:16 Neutral S:840 Dlvl:6 $:0 HP:27(27) Pw:10(10) AC:-3 Xp:2/39 T:6032 Latest messages: You stop. Your large dog is in the way! You swap places with your large dog. You hear water falling on coins. "Hello, spontiff! Welcome again to Izchak's lighting store!" You see here a potion called hoyle (for sale, 188 zorkmids). "For you, most gracious sir; only 188 zorkmids for this potion called hoyle." z - a potion called hoyle (unpaid, 188 zorkmids). What do you want to drop? [$a-zA-TX-Z or ?*] z You drop a potion called hoyle (unpaid, 188 zorkmids). "For you, honored sir; only 20 zorkmids per candle." W - 13 candles (unpaid, 260 zorkmids). "For you, esteemed sir; only 10 zorkmids per candle." U - 4 candles (unpaid, 40 zorkmids). There are several objects here. You drop 4 candles (unpaid, 40 zorkmids). You drop 13 candles (unpaid, 260 zorkmids). You have a little trouble lifting a ring mail. Continue? [ynq] (q) y "For you, honored sir; only 75 zorkmids for this ring mail." You have a little trouble lifting W - a ring mail (unpaid, 75 zorkmids). Your movements are slowed slightly because of your load. What do you want to drop? [$a-yA-TW-Z or ?*] W You drop a ring mail (unpaid, 75 zorkmids). Your movements are now unencumbered. The large dog picks up a potion called hoyle. The large dog drops a potion called hoyle. You swap places with your large dog. z - a potion called hoyle. What do you want to use or apply? [bdk-mostwxABJPST or ?*] z You light your potion. It gives off a dim light. What do you want to use or apply? [bdk-mostwxzABJPST or ?*] z You snuff the lit potion. You swap places with your large dog. What do you want to drop? [$a-zA-TX-Z or ?*] $ You drop 185 gold pieces. What do you want to drop? [a-zA-TX-Z or ?*] Never mind. What do you want to dip? [a-zA-TX-Z or ?*] z Dip a potion of oil into the fountain? [yn] (n) y Your potion of oil dilutes. An urge to take a bath overwhelms you. What do you want to dip? [a-zA-TX-Z or ?*] z Dip a diluted potion of oil into the fountain? [yn] (n) y Your diluted potion of oil dilutes further. Water gushes forth from the overflowing fountain! You drown the large dog. Welcome to experience level 2. You hear the rumble of distant thunder... Really quit? [yes|n] (n) yes Do you want your possessions identified? [ynq] (y) y Do you want to see the dungeon overview? [ynq] (y) y Inventory: Armor h - a blessed +1 orcish helm (being worn) g - an uncursed +1 pair of leather gloves (being worn) G - an uncursed +0 pair of leather gloves v - an uncursed +0 pair of high boots (being worn) r - an uncursed +0 small shield (being worn) q - an uncursed +0 dwarvish cloak (being worn) Comestibles y - an uncursed apple n - 4 uncursed food rations p - an uncursed tripe ration Scrolls i - an uncursed scroll of amnesia F - 2 uncursed scrolls of confuse monster I - 2 uncursed scrolls of identify j - an uncursed scroll of light D - 2 uncursed scrolls of teleportation Spellbooks d - an uncursed spellbook of knock b - an uncursed spellbook of light Potions X - an uncursed potion of gain energy c - an uncursed potion of healing K - an uncursed potion of object detection e - 3 uncursed potions of water z - an uncursed potion of water Z - a potion of unholy water Rings R - an uncursed ring of fire resistance L - an uncursed +2 ring of gain strength Wands B - an uncursed wand of digging (0:4) J - a blessed wand of opening (0:6) P - an uncursed wand of polymorph (0:7) S - an uncursed wand of sleep (0:6) A - an uncursed wand of striking (0:6) T - an uncursed wand of teleportation (0:3) Tools w - an uncursed figurine of a quasit m - an uncursed magic marker (0:68) k - an uncursed skeleton key s - an uncursed stethoscope x - an uncursed tallow candle o - an uncursed tin whistle t - an uncursed towel Gems/Stones E - an uncursed agate stone Y - an uncursed aquamarine stone N - an uncursed worthless piece of black glass a - an uncursed worthless piece of blue glass u - a cursed worthless piece of blue glass H - an uncursed worthless piece of green glass M - 6 uncursed worthless pieces of orange glass Q - 3 uncursed worthless pieces of red glass f - 3 uncursed worthless pieces of white glass C - an uncursed worthless piece of yellow glass O - 6 uncursed worthless pieces of yellowish brown glass l - an uncursed luckstone Spontiff the Healer's attributes: Background: You were a Rhizotomist, a level 2 male gnomish Healer. You were neutral, on a mission for Hermes who was opposed by Athena (lawful) and Poseidon (chaotic). You were right-handed. You were in the Gnomish Mines, on level 6. You entered the dungeon 6032 turns ago. There was a full moon in effect when your adventure ended. You had 39 experience points, 1 more was needed to attain level 3. Your score was 840 before end-of-game adjustments. Basics: You had all 27 hit points. You had all 10 energy points (spell power). Your armor class was -3. Your wallet was empty. Autopickup was on for '$!/="?' plus thrown, with exceptions. Final Characteristics: Your strength was 8 (limit:18/50). Your dexterity was 9 (limit:18). Your constitution was 18 (limit:18). Your intelligence was 7 (limit:19). Your wisdom was 18 (limit:18). Your charisma was 16 (limit:18). Final Status: You weren't hungry. You were unencumbered. You were empty handed. You were unskilled in bare handed combat. Final Attributes: You were haltingly aligned. Your items were somewhat protected from fire. Your items were somewhat protected from cold. You were poison resistant. You had infravision. You had a moderate defense bonus (+6). You were warded. You were lucky. You had extra luck. Bad luck did not time out for you. Good luck did not time out for you. You survived. Miscellaneous: You never encountered a bones level. Total elapsed playing time was 3 hours, 12 minutes and 18 seconds. Major events: Turn 1: spontiff the neutral male gnomish Healer entered the dungeon 925: entered the Gnomish Mines 3788: reached Mine Town 6032: quit Vanquished creatures: 2 small mimics a large dog 4 watchmen a gnome ruler 5 water moccasins 2 shriekers a gnome leader a gnomish wizard a kitten 5 dwarves a giant bat an orc zombie 2 dwarf zombies a wererat 4 iguanas 4 acid blobs 6 coyotes 3 hobbits 6 giant rats 2 cave spiders a brown mold 6 yellow molds 2 green molds 8 gnomes 2 gnome zombies 8 geckos 7 jackals a fox 4 kobolds 7 goblins 6 sewer rats 14 grid bugs 3 bats 9 lichens 3 kobold zombies 12 newts 146 creatures vanquished. No species were genocided or became extinct. Voluntary challenges: You never hit with a wielded weapon. You read items or engraved 1 time. You never engraved Elbereth. You never genocided any monsters. You never changed form. You used no wishes. Achievements: You entered the Gnomish Mines. You entered Minetown. You entered a shop. You entered a temple. The Dungeons of Doom: levels 1 to 5 Level 1: "vault" Level 2: Stairs down to The Gnomish Mines. Level 3: "Stashlet" A fountain. Level 4: Level 5: A fountain. The Gnomish Mines: levels 3 to 7 Level 3: Level 4: "Stashlet" Level 5: Level 6: <- You were here. Some shops, a temple and an altar, some fountains. Level 7: Goodbye spontiff the Healer... You quit in The Gnomish Mines on dungeon level 6 with 840 points, and 0 pieces of gold, after 6032 moves. You were level 2 with a maximum of 27 hit points when you quit.